 Dungeon Crawl Stone Soup version 0.19.4-9-g45fd643 (webtiles) character file.

456 Gargoyl the Skirmisher (level 7, -4/60 HPs)
             Began as a Ghoul Abyssal Knight on Feb 21, 2017.
             Was a Priest of Lugonu.
             Slain by an ogre
             ... wielding a +0 giant club
              (9 damage)
             ... on level 5 of the Dungeon.
             The game lasted 00:08:17 (3483 turns).

Gargoyl the Skirmisher (Ghoul Abyssal Knight)       Turns: 3483, Time: 00:08:17

Health: -4/60      AC:  8    Str: 21    XL:     7   Next: 6%
Magic:  9/9        EV: 10    Int:  7    God:    Lugonu [***...]
Gold:   211        SH:  3    Dex: 10    Spells: 0 memorised, 6 levels left

rFire  . . .     SeeInvis +     a - +1 hand axe
rCold  + . .     Gourm    .     s - +0 ring mail
rNeg   + + +     Faith    .     p - +0 buckler
rPois  ∞         Spirit   .     (no helmet)
rElec  .         Reflect  .     e - +2 cloak
rCorr  .         Harm     .     (no gloves)
MR     .....                    (no boots)
Stlth  ..........               (no amulet)
                                (no ring)
                                t - ring of see invisible

@: mighty, rotting
A: rotting body, claws 1, carnivore 3, cold resistance 1, negative energy
resistance 3, slow regeneration 1, torment resistance, unbreathing
a: Depart the Abyss, Bend Space, Banish, Renounce Religion


You were on level 5 of the Dungeon.
You worshipped Lugonu.
Lugonu was most pleased with you.
You were not hungry.

You visited 1 branch of the dungeon, and saw 5 of its levels.
You visited the Abyss 1 time.

You collected 211 gold pieces.

Inventory:

Hand Weapons
 a - a +1 hand axe (weapon)
Missiles
 j - 6 tomahawks (quivered)
Armour
 e - a +2 cloak (worn)
 p - a +0 buckler (worn)
 s - a +0 ring mail (worn)
Jewellery
 l - an uncursed ring of flight
 t - a ring of see invisible (left claw)
Wands
 o - a wand of polymorph (0/24)
Scrolls
 b - a scroll of enchant armour
 d - a scroll of blinking
 i - a scroll of identify
 r - a scroll of fog
Potions
 f - 2 potions of brilliance
 g - a potion of resistance
 q - a potion of cure mutation
Comestibles
 c - 2 meat rations
 k - a royal jelly
 n - a slice of pizza


   Skills:
 + Level 4.5 Fighting
 + Level 4.0 Axes
 * Level 3.1 Armour
 + Level 2.1 Dodging
 * Level 4.2 Invocations


You had 6 spell levels left.
You didn't know any spells.

Dungeon Overview and Level Annotations

Branches:
Dungeon (5/15)
 Temple: D:4-7

Altars:
Elyvilon
Zin
The Shining One


Innate Abilities, Weirdness & Mutations

Your body is rotting away.
You thrive on raw meat.
You are immune to poison.
You have sharp fingernails.
You are carnivorous and can eat meat at any time.
Your flesh is cold resistant. (rC+)
You are immune to negative energy. (rN+++)
You regenerate slowly when monsters are visible.
You are immune to unholy pain and torment.
You can survive without breathing.


Message History

The ogre is moderately wounded.
The ogre hits you but does no damage.
You hit the ogre.
The ogre is moderately wounded.
You barely miss the ogre.
The ogre is moderately wounded.
The ogre barely misses you.
Your shield and ring mail prevent you from hitting the ogre.
The ogre is moderately wounded.
The ogre closely misses you.
You hit the ogre.
The ogre is moderately wounded.
The ogre hits you with a giant club!!
* * * LOW HITPOINT WARNING * * *
You barely miss the ogre.
The ogre is moderately wounded.
The ogre hits you but does no damage.
You feel very mighty all of a sudden. The ogre hits you with a giant club!
You die...

.#........#.#
.........#.#
#.)......<# .
#........# # #.
#........##.#
§##.##...........#
#§#.......<...#
§§§.#......>..#
§#§#§.#O@.#....#
§§#§#..#.......#
§#..##.##.#....#
....#......#..#
#..#.###.#.##
##......#.#.#
#............
#..#...r.....
.....###.......


You could see an ogre.

Vanquished Creatures
  An ogre (D:3)
  A hound (D:4)
  An orc wizard (D:3)
  Natasha (thrice) (D:2)
  3 worker ants
  A worker ant zombie (D:5)
  6 adders
  2 worms (D:2)
  3 dart slugs
  A leopard gecko (D:3)
  3 orcs (D:3)
  A ball python (D:3)
  5 giant cockroaches
  4 goblins
  7 hobgoblins
  10 jackals
  3 quokkas
  7 bats
  15 frilled lizards
  10 kobolds
  14 rats
101 creatures vanquished.

Notes
Turn   | Place    | Note
-------+----------+-------------------------------------------
     0 | Abyss:1  | Gargoyl the Ghoul Abyssal Knight began the quest for the Orb.
     0 | Abyss:1  | Reached XP level 1. HP: 19/19 MP: 1/1
     0 | Abyss:1  | Found a corrupted altar of Lugonu.
    89 | Abyss:2  | Noticed a small abomination
    99 | D:1      | Escaped the Abyss
   160 | D:1      | Reached skill level 1 in Dodging
   249 | D:1      | Reached XP level 2. HP: 9/26 MP: 2/2
   298 | D:1      | Reached * piety under Lugonu
   694 | D:1      | Reached XP level 3. HP: 33/33 MP: 3/3
   912 | D:2      | Reached ** piety under Lugonu
  1014 | D:2      | Found a white marble altar of Elyvilon.
  1015 | D:2      | Noticed Natasha
  1023 | D:2      | Reached XP level 4. HP: 16/40 MP: 5/5
  1052 | D:2      | Killed Natasha
  1442 | D:2      | Noticed Natasha
  1454 | D:2      | Killed Natasha
  1454 | D:2      | Reached XP level 5. HP: 18/46 MP: 6/6
  1697 | D:2      | Noticed Natasha
  1709 | D:2      | Killed Natasha
  1880 | D:2      | Found a glowing silver altar of Zin.
  2153 | D:3      | Found a faded altar of an unknown god.
  2384 | D:3      | Reached XP level 6. HP: 50/52 MP: 7/7
  2521 | D:3      | Reached *** piety under Lugonu
  2843 | D:3      | Found a glowing golden altar of the Shining One.
  3415 | D:5      | Entered Level 5 of the Dungeon
  3453 | D:4      | Reached XP level 7. HP: 44/60 MP: 9/9
  3483 | D:5      | Slain by an ogre

Skill      XL: |  1  2  3  4  5  6 |
---------------+-------------------+-----
Dodging        | 1 2 |  2.1
Axes           | 2 3 4 |  4.0
Armour         | 2 3 |  3.1
Fighting       | 4 |  4.5
Invocations    | 3 4 |  4.2

Action                   |  1- 3 |  4- 6 |  7- 9 || total
-------------------------+-------+-------+-------++-------
Melee: Hand axe          |   145 |   254 |    20 ||   419
Invok: Depart the Abyss  |     1 |       |       ||     1
  Use: Scroll            |     5 |     5 |       ||    10
       Potion            |       |     7 |     1 ||     8
  Eat: Chunk             |    20 |    35 |     3 ||    58
Armor: Leather armour    |    62 |    84 |       ||   146
       Ring mail         |       |    51 |     7 ||    58
Dodge: Dodged            |   119 |   190 |     7 ||   316
Block: Buckler           |       |     2 |     2 ||     4
